 Dungeon Crawl Stone Soup version 0.25.0-10-g039870e (webtiles) character file.

Game seed: 4204467222106263073

23 shmeve the Skirmisher (level 2, -8/36 HPs)
             Began as a Demonspawn Berserker on June 22, 2020.
             Was a Believer of Trog.
             Mangled by an ogre
             ... wielding a +0 giant club
              (14 damage)
             ... on level 2 of the Dungeon.
             The game lasted 00:02:16 (1032 turns).

shmeve the Skirmisher (Demonspawn Berserker)        Turns: 1032, Time: 00:02:16

Health: -8/36      AC:  2    Str: 17    XL:     2   Next: 72%
Magic:  2/2        EV: 12    Int:  8    God:    Trog [**....]
Gold:   79         SH:  0    Dex: 12    Spells: 1/1 levels left

rFire    . . .     SeeInvis .   a - +0 hand axe
rCold    . . .     Gourm    .   (no shield)
rNeg     . . .     Faith    .   b - +0 animal skin
rPois    .         Spirit   .   (no helmet)
rElec    .         Reflect  .   (no cloak)
rCorr    .         Harm     .   (no gloves)
MR       .....                  (no boots)
Stlth    ..........             (no amulet)
HPRegen  0.12/turn              (no ring)
MPRegen  0.08/turn              (no ring)

@: berserking, very quick
A: powered by pain 1
a: Berserk, Trog's Hand, Renounce Religion


You were on level 2 of the Dungeon.
You worshipped Trog.
Trog was pleased with you.
You were hungry.

You visited 1 branch of the dungeon, and saw 2 of its levels.

You collected 79 gold pieces.

Inventory:

Hand Weapons
 a - a +0 hand axe (weapon)
 o - a +0 hunting sling
Missiles
 n - 11 sling bullets
Armour
 b - a +0 animal skin (worn)
Scrolls
 e - 2 scrolls of noise {unknown}
 i - a scroll of enchant armour {unknown}
 j - 2 scrolls of teleportation {unknown}
 l - a scroll of remove curse {unknown}
Potions
 d - 2 potions of invisibility {unknown}
 f - 3 potions of heal wounds {unknown}
 g - a potion of resistance {unknown}
 h - a potion of curing {unknown}
 k - a potion of flight {unknown}
Comestibles
 c - 2 rations
 m - a chunk of flesh


   Skills:
 * Level 3.3 Fighting
 * Level 3.0 Axes
 * Level 0.1(0.2) Slings
 - Level 0.3(0.4) Throwing
 + Level 2.0 Armour
 + Level 2.0 Dodging


You had one spell level left.
You didn't know any spells.
Your spell library was empty.

Dungeon Overview and Level Annotations

Branches:
Dungeon (2/15)

Altars:


Innate Abilities, Weirdness & Mutations

You sometimes gain a little power by taking damage.


Message History

HP restored.
Found a stone staircase leading down.
An ogre comes into view. It is wielding a +0 giant club.
The ogre shouts!
A red film seems to cover your vision as you go berserk!
You feel yourself moving faster!
You feel mighty!
You are feeling hungry.
You hit the ogre.
The ogre is lightly wounded.
The ogre hits you with a +0 giant club!
You hit the ogre.
The ogre is moderately wounded.
The ogre hits you with a +0 giant club!
* * * LOW HITPOINT WARNING * * *
You barely miss the ogre.
The ogre is moderately wounded.
You slash the ogre!
The ogre is severely wounded.
The ogre hits you with a +0 giant club!
You die...

##+## #...# #.
#.###
###.###### #.#
#..... ..# #.#
#....###.# #.#
#.....##.####.#
.............#
# #.O###.######
#.#.#.@.##.#
#..........#
#####...####
#>### #. #. #.
#. ..


You could see an ogre.

Vanquished Creatures
  4 bats
  A giant cockroach (D:1)
  2 goblins (D:1)
  4 hobgoblins (D:1)
  A ball python (D:1)
  2 frilled lizards (D:1)
  5 kobolds
  3 rats (D:1)
22 creatures vanquished.

Notes
Turn   | Place    | Note
-------+----------+-------------------------------------------
     0 | D:1      | shmeve the Demonspawn Berserker began the quest for the
                  | Orb.
     0 | D:1      | Reached XP level 1. HP: 18/18 MP: 1/1
   151 | D:1      | Gained mutation: You sometimes gain a little power by
                  | taking damage. [demonic ancestry]
   151 | D:1      | Reached XP level 2. HP: 20/24 MP: 2/2
   645 | D:1      | Reached ** piety under Trog
  1025 | D:2      | Noticed an ogre
  1032 | D:2      | Mangled by an ogre

Illustrated notes

Levels and vault maps discovered:
D:1:      lightli_arrival_statuegarden, layout_loops_cross
D:2:      layout_loops_corners, chequers_big_river

Skill      XL: |  1  2 |
---------------+-------+-----
Dodging        | 2 |  2.0
Axes           | 3 |  3.0
Armour         | 2 |  2.0
Fighting       | |  3.3
Slings         | |  0.1
Throwing       | |  0.3

Action                   || total
-------------------------++-------
Melee: Hand axe          ||    50
Invok: Berserk           ||     2
  Eat: Chunk             ||     1
Armor: Animal skin       ||    13
Dodge: Dodged            ||    35
